 Dungeon Crawl Stone Soup version 0.27.1-33-g824d729ab1 (webtiles) character file.

Game seed: 5846079299319677827

90 Teslajakalope the Covered (level 4, 0/40 HPs)
             Began as a Minotaur Fighter on Dec 31, 2021.
             Slain by Edmund (1 damage)
             ... on level 4 of the Dungeon.
             The game lasted 00:03:47 (1991 turns).

Teslajakalope the Covered (Minotaur Fighter)        Turns: 1991, Time: 00:03:47

Health: 0/40       AC:  7    Str: 21    XL:     4   Next: 32%
Magic:  3/3        EV:  7    Int:  5    God:
Gold:   123        SH:  9    Dex: 10    Spells: 3/3 levels left

rFire    . . .     SeeInvis .   a - +0 war axe
rCold    . . .     Faith    .   c - +0 kite shield
rNeg     . . .     Spirit   .   b - +0 scale mail
rPois    .         Reflect  .   (helmet restricted)
rElec    .         Harm     .   (no cloak)
rCorr    .         Rampage  .   (no gloves)
Will     .....                  (no boots)
Stlth    ..........             (no amulet)
HPRegen  0.13/turn              (no ring)
MPRegen  0.08/turn              (no ring)

@: no status effects
A: horns 2, retaliatory headbutt
a: no special abilities


You were on level 4 of the Dungeon.
You visited 1 branch of the dungeon, and saw 5 of its levels.

You collected 123 gold pieces.

Inventory:

Hand Weapons
 a - a +0 war axe (weapon)
Armour
 b - a +0 scale mail (worn)
 c - a +0 kite shield (worn)
Jewellery
 g - an amulet of faith
Scrolls
 e - a scroll of amnesia {unknown}
Potions
 d - a potion of might
 f - 2 potions of heal wounds {unknown}


   Skills:
 + Level 4.1 Fighting
 + Level 3.8 Axes
 + Level 4.5 Armour
 + Level 0.5 Dodging
 + Level 4.1 Shields


You had 3 spell levels left.
You didn't know any spells.
Your spell library contained the following spells:

 Spells                   Type           Power      Damage    Failure   Level
 Animate Skeleton         Necr           0%         N/A       99%         1
 Apportation              Tloc           0%         N/A       99%         1
 Corona                   Hex            0%         N/A       99%         1
 Summon Small Mammal      Summ           0%         N/A       99%         1
 Sublimation of Blood     Necr           0%         N/A       100%        2
 Petrify                  Tmut/Erth      0%         N/A       100%        4
 Fireball                 Conj/Fire      0%         3d3       100%        5
 Irradiate                Conj/Tmut      0%         3d13      100%        5
 Iskenderun's Battlesphe  Conj           0%         2d6       100%        5
 Conjure Ball Lightning   Conj/Air       0%         3x3d6     100%        6
 Orb of Destruction       Conj           0%         N/A       100%        7


Dungeon Overview and Level Annotations

Branches:
Dungeon (5/15)
 Temple: D:4-7

Altars:

Annotations:
D:4 Edmund


Innate Abilities, Weirdness & Mutations

You have a pair of horns on your head.
You reflexively headbutt those who attack you in melee.


Message History

Edmund is heavily wounded.
Edmund hits you with a +2 vorpal flail.
You hit Edmund but do no damage. Your headbutt misses Edmund.
Edmund is heavily wounded.
Edmund hits you but does no damage. Edmund hits you with a +2 vorpal flail!
Your shield and scale mail prevent you from hitting Edmund.
Your headbutt misses Edmund.
Edmund is heavily wounded.
Edmund asks, "Have you met my wondrous brother?"
You block Edmund's attack.
You hit Edmund but do no damage. Your headbutt misses Edmund.
Edmund is heavily wounded.
Edmund barely misses you. You block Edmund's attack.
You hit Edmund but do no damage.
Edmund is heavily wounded.
Edmund barely misses you. You furiously retaliate!
You headbutt Edmund, but do no damage. You hit Edmund but do no damage.
Edmund is heavily wounded.
You block Edmund's attack. Edmund hits you with a +2 vorpal flail.
You hit Edmund.
Edmund is heavily wounded.
You block Edmund's attack. x2
You hit Edmund but do no damage. Your headbutt misses Edmund.
Edmund is heavily wounded.
Edmund hits you but does no damage.
You hit Edmund but do no damage.
Edmund is heavily wounded.
Edmund hits you with a +2 vorpal flail!
* * * LOW HITPOINT WARNING * * *
x2 You block Edmund's attack.
You hit Edmund.
Edmund is severely wounded.
Edmund hits you with a +2 vorpal flail.
* * * LOW HITPOINT WARNING * * *
x2 You slash Edmund!
Edmund is almost dead.
Edmund hits you with a +2 vorpal flail.
* * * LOW HITPOINT WARNING * * *
You die...

####################
#......#....#....... #.
#......#)...#.......
#...#..@...#....#.......
#...#..@...#....#.......
#...##...####..###..####
#...##...####..###..#
#........#....(.....#
#........#..........#
#........#..........#
#........#..........#
#...##...###...##...#


You could see Edmund.

Vanquished Creatures
  A hound skeleton (D:4)
  An adder (D:2)
  5 dart slugs
  An orc (D:2)
  7 ball pythons
  3 endoplasms (D:2)
  2 giant cockroaches
  6 goblins
  2 hobgoblins
  4 jackals (D:1)
  3 quokkas
  4 bats
  2 frilled lizards (D:2)
  4 kobolds
  8 rats
53 creatures vanquished.

Notes
Turn   | Place    | Note
-------+----------+-------------------------------------------
     0 | D:1      | Teslajakalope the Minotaur Fighter began the quest for the
                  | Orb.
     0 | D:1      | Reached XP level 1. HP: 19/19 MP: 0/0
   286 | D:1      | Reached XP level 2. HP: 27/27 MP: 1/1
   584 | D:1      | Reached XP level 3. HP: 33/33 MP: 2/2
  1313 | D:2      | Found a faded altar of an unknown god.
  1615 | D:3      | Reached XP level 4. HP: 37/40 MP: 3/3
  1884 | D:3      | You fall into a shaft and drop 2 floors!
  1884 | D:5      | Entered Level 5 of the Dungeon
  1952 | D:4      | Noticed Edmund
  1991 | D:4      | HP: 1/40 [Edmund (4)]
  1991 | D:4      | Slain by Edmund

Illustrated notes

Levels and vault maps discovered:
D:1:      lightli_arrival_noodles, layout_loops_ring
D:2:      layout_rooms, ebering_ecumenical_altar_sacrificial
D:3:      layout_loops_ring, marbit_many_paths, nicolae_elyvilon_peaceful_grove,
          grunt_decor_one_mirror, minmay_vboxes
D:4:      minmay_angry_zag, layout_gridville, nicolae_yredelemnul_corpse_copse,
          vehumet_crystals, minmay_temple_entry_mist, uniq_edmund, uniq_ijyb
D:5:      layout_basic, uniq_pikel, uniq_duvessa

Skill      XL: |  1  2  3 |
---------------+----------+-----
Axes           | 3 |  3.8
Armour         | 4 |  4.5
Fighting       | 4 |  4.1
Shields        | 4 |  4.1
Dodging        | |  0.5

Action                   |  1- 3 |  4- 6 || total
-------------------------+-------+-------++-------
Melee: War axe           |   113 |    28 ||   141
       Headbutt          |     9 |     5 ||    14
Armor: Scale mail        |    74 |     8 ||    82
Dodge: Dodged            |    35 |     6 ||    41
Block: Kite shield       |    69 |    16 ||    85
